 Dungeon Crawl Stone Soup version 0.21.1-1-g345015fe64 (webtiles) character file.

30 Ivernyr the Charmwright (level 3, 18/27 HPs)
             Began as a Demonspawn Skald on May 10, 2018.
             Quit the game on level 1 of the Dungeon.
             The game lasted 00:01:54 (1258 turns).

Ivernyr the Charmwright (Demonspawn Skald)          Turns: 1258, Time: 00:01:55

Health: 18/27      AC:  3    Str: 11    XL:     3   Next: 5%
Magic:  3/6        EV: 12    Int: 14    God:
Gold:   3          SH:  0    Dex: 13    Spells: 1/6 levels left

rFire    . . .     SeeInvis .   a - +0 falchion
rCold    . . .     Gourm    .   (no shield)
rNeg     . . .     Faith    .   b - +0 leather armour
rPois    .         Spirit   .   (no helmet)
rElec    .         Reflect  .   (no cloak)
rCorr    .         Harm     .   (no gloves)
MR       .....                  (no boots)
Stlth    ++........             (no amulet)
HPRegen  0.09/turn              (no ring)
MPRegen  0.10/turn              (no ring)

@: shrouded (expiring)
A: nightstalker 1, spiny 1
a: no special abilities


You were on level 1 of the Dungeon.
You were not hungry.

You visited 1 branch of the dungeon, and saw 1 of its levels.

You collected 3 gold pieces.

Inventory:

Hand Weapons
 a - a +0 falchion (weapon)
Armour
 b - a +0 leather armour (worn)
Jewellery
 e - a +4 ring of intelligence {unknown}
Potions
 f - a potion of might {unknown}
 g - a potion of invisibility {unknown}
Books
 c - a book of Battle

   Spells                             Type                      Level
   a - Infusion                       Charms                       1
   b - Shroud of Golubria             Charms/Translocation         2
   c - Song of Slaying                Charms                       2
   d - Spectral Weapon                Hexes/Charms                 3
   e - Regeneration                   Charms/Necromancy            3
Comestibles
 d - 2 rations


   Skills:
 - Level 2.0 Fighting
 + Level 2.1 Long Blades
 * Level 2.0 Armour
 - Level 1.7 Dodging
 - Level 2.0 Spellcasting
 + Level 3.0 Charms


You had one spell level left.
You knew the following spells:

 Your Spells              Type           Power        Failure   Level  Hunger
a - Shroud of Golubria    Chrm/Tloc      #.........   26%         2    ###....
b - Song of Slaying       Chrm           #.......     14%         2    ###....
c - Infusion              Chrm           #...         9%          1    ##.....


Dungeon Overview and Level Annotations

Branches:
Dungeon (1/15)

Altars:


Innate Abilities, Weirdness & Mutations

You are slightly more attuned to the shadows.
You are partially covered in sharp spines.


Message History

You closely miss the jackal.
The jackal is almost dead.
The jackal is struck by your spines.
You kill the jackal!
You have reached level 3!
Your experience leads to an increase in your attributes!
Increase (S)trength, (I)ntelligence, or (D)exterity?
You feel agile.
Your demonic ancestry asserts itself...
You slip into the darkness of the dungeon.
You closely miss the rat.
Your shroud begins to fray at the edges.
The rat bites you.
You closely miss the rat. The rat is struck by your spines.
You kill the rat!
You barely miss the jackal. The jackal is struck by your spines.
The jackal bites you but does no damage.
The jackal is struck by your spines. The jackal closely misses you.
You slash the jackal!
You kill the jackal!
Are you sure you want to abandon this character and quit the game? (Confirm with "yes".)

..g .. #.#.##≈..## .... #.#
#)##.###### ....######.##
####..#.## ............#
#.).#.##.#### ............#
#...#..##...## ............#
#...##..####.. ###.........#
#...###...####
............######...#####.####
........†....†@..'......)......
...........)######........#.##.
............# #...####.#..#.
...########## #####.#####.##.#.
.. #........##.##)#. .
##########........##.##.#.
#.........................
#......................#..
#......................#.#


There were no monsters in sight!

Vanquished Creatures
  A dart slug (D:1)
  A giant cockroach (D:1)
  3 goblins (D:1)
  4 hobgoblins (D:1)
  3 jackals (D:1)
  3 bats (D:1)
  3 frilled lizards (D:1)
  4 kobolds (D:1)
  4 rats (D:1)
26 creatures vanquished.

Notes
Turn   | Place    | Note
-------+----------+-------------------------------------------
     0 | D:1      | Ivernyr the Demonspawn Skald began the quest for the Orb.
     0 | D:1      | Reached XP level 1. HP: 16/16 MP: 3/3
    44 | D:1      | Reached skill level 1 in Armour
   587 | D:1      | Gained mutation: You are partially covered in sharp spines. [demonic ancestry]
   587 | D:1      | Reached XP level 2. HP: 22/22 MP: 5/5
   591 | D:1      | Learned a level 2 spell: Song of Slaying
   594 | D:1      | Learned a level 2 spell: Shroud of Golubria
  1174 | D:1      | Reached skill level 3 in Charms
  1253 | D:1      | Gained mutation: You are slightly more attuned to the shadows. [demonic ancestry]
  1253 | D:1      | Reached XP level 3. HP: 21/27 MP: 3/6
  1258 | D:1      | Quit the game

Skill      XL: |  1  2 |
---------------+-------+-----
Armour         | 1 2 |  2.0
Long Blades    | 2 |  2.1
Charms         | 3 |  3.0
Fighting       | |  2.0
Dodging        | |  1.7
Spellcasting   | |  2.0

Action                   || total
-------------------------++-------
Melee: Falchion          ||    73
 Cast: Shroud of Golubri ||     3
  Eat: Chunk             ||     1
Armor: Leather armour    ||    32
Dodge: Dodged            ||    49
       Rpst.: Falchion   ||     9
